 Dungeon Crawl Stone Soup version 0.29-a0-275-g389c0b56f3 (webtiles) character file.

Game seed: 9527190488396554869

534 enile the Sneak (level 7, -3/61 (64) HPs)
             Began as a Naga Enchanter on Mar 11, 2022.
             Was a Believer of Zin.
             Slain by a black bear (12 damage)
             ... on level 5 of the Dungeon.
             The game lasted 00:09:56 (7234 turns).

enile the Sneak (Naga Enchanter)                    Turns: 7234, Time: 00:09:56

HP:   -3/61 (64)    AC:  3    Str: 10    XL:     7   Next: 25%
MP:   11/11         EV: 10    Int: 17    God:    Zin [**....]
Gold: 187           SH:  0    Dex: 12    Spells: 7/12 levels left

rFire   . . .      SeeInvis +   w - +0 halberd
rCold   . . .      Faith    .   (shield currently unavailable)
rNeg    . . .      Spirit   .   b - +0 robe
rPois   +          Reflect  .   (no helmet)
rElec   .          Harm     .   (no cloak)
rCorr   +          Rampage  .   (no gloves)
Will    .....                   (no barding)
Stlth   +++.......              (no amulet)
HPRegen 0.20/turn               l - ring of resist corrosion
MPRegen 0.12/turn               (no ring)

@: brilliant, short of breath, lightly drained, very slow
A: AC +2, large, see invisible, deformed body, poison resistance, slowness 2,
spit poison 1, naga tail 1
a: Spit Poison, Renounce Religion, Recite, Vitalisation, Donate Gold


You were on level 5 of the Dungeon.
You worshipped Zin.
Zin was pleased with you.
You visited 1 branch of the dungeon, and saw 5 of its levels.

You collected 207 gold pieces.
You donated 20 gold pieces to Zin.

Inventory:

Hand Weapons
 a - a +1 dagger
 e - a +0 flail
 u - a +3 quarterstaff of chaos
 w - a +0 halberd (weapon)
Missiles
 r - 3 silver javelins
Armour
 b - a +0 robe (worn)
 g - a +0 scale mail
 m - a +0 kite shield
 v - a +0 cloak
Jewellery
 l - a ring of resist corrosion (left hand)
Wands
 c - a wand of digging (6)
 t - a wand of iceblast (8)
Scrolls
 j - a scroll of fear (quivered)
 k - 2 scrolls of immolation {unknown}
 n - a scroll of fog
 o - 2 scrolls of silence
 p - a scroll of amnesia
 x - a scroll of teleportation
 y - a scroll of enchant weapon {unknown}
 B - a scroll of magic mapping {unknown}
Potions
 d - 2 potions of brilliance
 h - 2 potions of curing {unknown}
 i - 3 potions of magic {unknown}
 q - 3 potions of heal wounds {unknown}
 s - 2 potions of lignification {unknown}
 z - a potion of attraction {unknown}


   Skills:
 - Level 4.0 Fighting
 - Level 2.0 Short Blades
 - Level 2.0 Dodging
 - Level 5.0 Stealth
 - Level 3.0 Spellcasting
 - Level 3.0 Hexes
 - Level 3.0 Invocations
 + Level 3.5 Evocations


You had 7 spell levels left.
You knew the following spells:

 Your Spells              Type           Power      Damage    Failure   Level
a - Ensorcelled Hibernat  Hex/Ice        22%        N/A       14%         2
b - Tukima's Dance        Hex            19%        N/A       16%         3

Your spell library contained the following spells:

 Spells                   Type           Power      Damage    Failure   Level
 Confusing Touch          Hex            19%        N/A       16%         3
 Dazzling Flash           Conj/Hex       22%        N/A       28%         3
 Gell's Gravitas          Tloc           3%         N/A       45%         3
 Teleport Other           Tloc           3%         N/A       45%         3
 Dispersal                Tloc           1%         N/A       100%        6


Dungeon Overview and Level Annotations

Branches:
Dungeon (5/15)             Temple (0/1) D:5

Altars:
Elyvilon
Zin


Innate Abilities, Weirdness & Mutations

Your serpentine skin is tough. (AC +2)
You have supernaturally acute eyesight. (SInv)
Armour fits poorly on your strangely shaped body.
Your system is resistant to poisons. (rPois)
You cover ground very slowly.
You can spit poison.
You have a snake-like lower body.


Message History

Aim: a black bear (moderately wounded, poisoned, 70% to hit)
The splash of poison hits the black bear!
The black bear is severely wounded.
The black bear misses you. The black bear barely misses you.
The black bear claws you but does no damage.
You hit the black bear.
The black bear is almost dead.
The black bear looks more healthy.
The black bear goes berserk!
The black bear bites you. The black bear claws you.
The black bear barely misses you.
You closely miss the black bear.
The black bear is almost dead.
You have got your breath back.
The black bear bites you but does no damage.
The black bear claws you. x2; The black bear bites you.
The black bear claws you. The black bear closely misses you.
Aiming: Spit Poison (1% risk of failure)
Press: ? - help, Shift-Dir - straight line, f/p - black bear
Aim: a black bear (almost dead, berserk, 70% to hit)
The splash of poison misses the black bear.
The black bear bites you!
* * * LOW HITPOINT WARNING * * *
The black bear barely misses you. The black bear claws you.
* * * LOW HITPOINT WARNING * * *
The black bear bites you.
* * * LOW HITPOINT WARNING * * *
The black bear closely misses you.
The black bear claws you but does no damage.
Okay, then.
You can't see any enemies this would affect, really read the scroll of fear?
Okay, then.
Casting: Tukima's Dance (dangerous; 16% risk of failure)
Confirm with . or Enter, or press ? or * to list all spells.
Okay, then.
Okay, then.
Okay, then.
It was a potion of brilliance.
You feel clever all of a sudden. The black bear bites you!
You die...

###.#### ...#...#
..###..# .## ##.#### ##
##...######## .##
##.##.#......#
..###..##.#......# #####
...#...##.#.####.#......
###.#####.......@h(#
##...## ###.####...#
..###.#####.####......#
.## ##...........#.##.#
.# #........####.# # .##
##........# ..
..###†........# ##
.#...##.......#
....###.......#


You could see a black bear (berserk).

Vanquished Creatures
  A sky beast (D:5)
  A necrophage (D:5)
  A gnoll sergeant (D:4)
  Crazy Yiuf (D:3)
  An iguana (D:5)
  11 gnolls (D:4)
  8 adders
  A shadow imp (D:5)
  2 worms
  5 dart slugs
  5 orcs
  6 endoplasms
  3 giant cockroaches
  3 goblins
  3 hobgoblins
  3 jackals
  6 kobolds
  2 quokkas (D:2)
  5 ball pythons
  4 bats
  3 frilled lizards
  2 rats
77 creatures vanquished.

Vanquished Creatures (others)
  2 dancing weapons
2 creatures vanquished.

Grand Total: 79 creatures vanquished

Notes
Turn   | Place    | Note
-------+----------+-------------------------------------------
     0 | D:1      | enile the Naga Enchanter began the quest for the Orb.
     0 | D:1      | Reached XP level 1. HP: 15/15 MP: 3/3
   241 | D:1      | Reached skill level 1 in Fighting
   353 | D:1      | Reached XP level 2. HP: 25/25 MP: 5/5
   952 | D:2      | Reached XP level 3. HP: 20/32 MP: 6/6
   955 | D:2      | Learned a level 2 spell: Ensorcelled Hibernation
  1086 | D:2      | Found a faded altar of an unknown god.
  1465 | D:2      | Reached skill level 5 in Stealth
  1787 | D:2      | Prayed at the altar of an unknown god.
  1787 | D:2      | Became a worshipper of Zin the Law-Giver
  1787 | D:2      | Reached * piety under Zin
  1787 | D:2      | Reached ** piety under Zin
  2176 | D:3      | Reached XP level 4. HP: 16/40 MP: 1/7
  2761 | D:3      | Found a runed translucent door.
  2762 | D:3      | Noticed Crazy Yiuf
  2847 | D:3      | Reached skill level 1 in Invocations
  3795 | D:3      | HP: 2/58 [Crazy Yiuf/+3 quarterstaff of chaos (5)]
  3797 | D:3      | Killed Crazy Yiuf
  3798 | D:3      | Reached XP level 5. HP: 3/48 MP: 8/8
  4315 | D:4      | Found a white marble altar of Elyvilon.
  5010 | D:4      | Learned a level 3 spell: Tukima's Dance
  5409 | D:4      | Reached XP level 6. HP: 20/57 MP: 1/9
  5804 | D:5      | Entered Level 5 of the Dungeon
  6092 | D:5      | Noticed a sky beast
  6222 | D:5      | Killed a sky beast
  6223 | D:5      | Reached XP level 7. HP: 14/64 MP: 11/11
  6479 | D:5      | Found a staircase to the Ecumenical Temple.
  7234 | D:5      | Slain by a black bear

Illustrated notes

Levels and vault maps discovered:
D:1:      minmay_arrival_widening_spiral_wide, layout_rooms
D:2:      layout_basic, ebering_ecumenical_altar_webs, minmay_pentomino_q4
D:3:      layout_basic, uniq_crazy_yiuf_cottage
D:4:      layout_gridville, kennysheep_little_box, nicolae_grassy_gnolls
D:5:      layout_loops_cross, minmay_temple_entry_ruins, uniq_blork_the_orc

Skill      XL: |  1  2  3  4  5  6  7 |
---------------+----------------------+-----
Fighting       | 1 2 3 4 |  4.0
Dodging        | 2 |  2.0
Stealth        | 5 |  5.0
Invocations    | 2 3 |  3.0
Short Blades   | 2 |  2.0
Spellcasting   | 3 |  3.0
Evocations     | 2 3 |  3.5
Hexes          | |  3.0

Action                   |  1- 3 |  4- 6 |  7- 9 || total
-------------------------+-------+-------+-------++-------
Melee: Dagger            |    75 |   126 |       ||   201
       Halberd           |       |    20 |    37 ||    57
Throw: Throwing net      |     1 |     3 |     2 ||     6
       Javelin           |       |     6 |       ||     6
 Cast: Ensorcelled Hiber |    11 |     2 |       ||    13
       Tukima's Dance    |       |     4 |     2 ||     6
 Abil: Spit Poison       |    13 |    19 |     6 ||    38
Evoke: Wand              |       |     3 |       ||     3
  Use: Potion            |       |     4 |     1 ||     5
       Scroll            |       |     6 |     1 ||     7
 Stab: Sleeping          |     9 |     8 |     1 ||    18
       Invisible         |       |     3 |       ||     3
Armor: Robe              |     6 |    32 |    11 ||    49
Dodge: Dodged            |    33 |    93 |    37 ||   163

Table legend: (Time is in decaauts)
 A = Elapsed time spent in this place.
 B = Non-inter-level travel time spent in this place.
 C = Inter-level travel time spent in this place.
 D = Time resting spent in this place.
 E = Time spent auto-exploring this place.
 F = Levels seen in this place.
 G = Mean time per level.
                   A        B        C        D        E       F      G
               +--------+--------+--------+--------+--------+-----+--------+
         Total |   8511 |   8173 |    338 |    122 |   7080 |   5 | 1702.2 |
       Dungeon |   8511 |   8173 |    338 |    122 |   7080 |   5 | 1702.2 |
               +--------+--------+--------+--------+--------+-----+--------+

Top non-repeatable levels by time:
     D:3: 2419 daAuts
     D:4: 2319 daAuts
     D:2: 1718 daAuts
     D:5: 1227 daAuts
     D:1: 826 daAuts
